 Dungeon Crawl Stone Soup version 0.18.1-48-g4cf74bf (webtiles) character file.

434 kosy22 the Ruffian (level 6, -2/62 HPs)
             Began as a Troll Monk on Aug 20, 2016.
             Was an Elder of Cheibriados.
             Slain by ceb's ghost (13 damage)
             ... on level 5 of the Dungeon.
             The game lasted 00:12:35 (4186 turns).

kosy22 the Ruffian (Troll Monk)                     Turns: 4186, Time: 00:12:36

Health: -2/62      AC:  6    Str: 31    XL:     6   Next: 67%
Magic:  5/5        EV: 10    Int: 15    God:    Cheibriados [****..]
Gold:   209        SH:  9    Dex: 21    Spells: 0 memorised, 5 levels left

rFire  . . .     SeeInvis .     d - +2 dagger (venom)
rCold  . . .     Gourm    +     a - +1 robe
rNeg   . . .     Faith    .     s - +0 shield
rPois  .         Spirit   .     (helmet restricted)
rElec  .         Dismiss  .     (no cloak)
rCorr  .         Reflect  .     (gloves unavailable)
SustAt +         Harm     .     (boots unavailable)
MR     .....                    (no amulet)
Stlth  ++........               (no ring)
                                t - ring of sustain attributes

@: very slow, not resistant to hostile enchantments, unstealthy
A: unfitting armour, claws 3, fast metabolism 3, gourmand, regeneration 2,
shaggy fur 1, tough skin 2
a: Bend Time, Temporal Distortion, Slouch, Renounce Religion


You were on level 5 of the Dungeon.
You worshipped Cheibriados.
Cheibriados was greatly pleased with you.
You were not hungry.

You visited 1 branch of the dungeon, and saw 5 of its levels.

You collected 209 gold pieces.

Inventory:

Hand Weapons
 d - a +2 dagger of venom (weapon)
 m - a +1 mace of crushing
Missiles
 e - 3 tomahawks (quivered)
Armour
 a - a +1 robe (worn)
 s - a +0 shield (worn)
Jewellery
 t - a ring of sustain attributes (left claw)
Scrolls
 f - 2 scrolls of enchant armour
 g - a scroll of noise {unknown}
 h - a scroll of magic mapping
 i - 3 scrolls of identify
 n - a scroll of immolation {unknown}
 p - 2 scrolls of teleportation {unknown}
 r - 2 scrolls of remove curse
Comestibles
 b - 5 bread rations
 k - 5 fruits
 l - a royal jelly
 q - 2 meat rations


   Skills:
 + Level 3.8 Fighting
 + Level 0.8 Short Blades
 + Level 4.5 Dodging
 + Level 1.4 Stealth
 + Level 0.2 Shields
 + Level 5.0 Unarmed Combat


You had 5 spell levels left.
You didn't know any spells.

Dungeon Overview and Level Annotations

Branches:
Dungeon (5/15)
 Temple: D:4-7

Altars:
Cheibriados
Trog

Shops:
D:4 }

Annotations:
D:5 ceb's ghost, novice MiBe


Innate Abilities, Weirdness & Mutations

You are too large for most types of armour.
You have claws for hands.
Your metabolism is lightning-fast.
You like to eat raw meat.
You heal very quickly.
You are covered in fur (AC +1).
You have very tough skin (AC +2).


Message History

Ceb's ghost hits you!
* * * LOW HITPOINT WARNING * * *
Drink which item? (? for menu, Esc to quit)
You feel better. Ceb's ghost hits you.
* * * LOW HITPOINT WARNING * * *
Drink which item? (? for menu, Esc to quit)
You feel better. You block ceb's ghost's attack.
You hit ceb's ghost.
Ceb's ghost is heavily damaged.
Ceb's ghost hits you but does no damage.
You hit ceb's ghost.
Ceb's ghost is heavily damaged.
Ceb's ghost hits you!
* * * LOW HITPOINT WARNING * * *
Ceb's ghost closely misses you. Ceb's ghost hits you.
* * * LOW HITPOINT WARNING * * *
There is a stone staircase leading up here.
Ceb's ghost hits you!
You die...

#.#.#.. ### #
#.... ...
#.#..# .. ..
##.#..##.###..
#............#
#.!#..##.....#
#..#.........##
#####W##.......
#...@.........
#...†......#.
#..........#
#..........#.
#.....[.......
#.........##..
#.........#
#.....#...#
##.#####+###


You could see ceb's ghost.

Vanquished Creatures
  A phantom (D:4)
  4 orc priests (D:4)
  An orc wizard (D:4)
  7 adders
  2 oozes
  5 worms
  7 dart slugs
  4 giant geckos
  16 orcs
  3 giant cockroaches
  5 goblins
  4 hobgoblins
  8 jackals
  6 kobolds
  A quokka (D:4)
  3 bats
  4 giant newts
  10 rats
91 creatures vanquished.

Notes
Turn   | Place    | Note
--------------------------------------------------------------
     0 | D:1      | kosy22 the Troll Monk began the quest for the Orb.
     0 | D:1      | Reached XP level 1. HP: 22/22 MP: 0/0
   432 | D:1      | Reached XP level 2. HP: 27/29 MP: 1/1
  1127 | D:2      | Reached XP level 3. HP: 36/36 MP: 2/2
  1168 | D:2      | Found a snail-covered altar of Cheibriados.
  1247 | D:2      | Became a worshipper of Cheibriados the Contemplative
  1247 | D:2      | Reached * piety under Cheibriados
  1247 | D:2      | Reached ** piety under Cheibriados
  1389 | D:2      | Reached XP level 4. HP: 42/44 MP: 3/3
  2529 | D:3      | Noticed a moth of wrath
  2531 | D:3      | Found a bloodstained altar of Trog.
  2574 | D:3      | Reached XP level 5. HP: 10/53 MP: 4/4
  2787 | D:4      | Reached *** piety under Cheibriados
  2793 | D:4      | Reached skill level 5 in Unarmed Combat
  2879 | D:4      | Noticed a phantom
  2995 | D:4      | Killed a phantom
  2995 | D:4      | Reached XP level 6. HP: 44/61 MP: 5/5
  3270 | D:4      | Found Mekkesak's Gadget Shop.
  3754 | D:4      | Reached **** piety under Cheibriados
  3995 | D:5      | Entered Level 5 of the Dungeon
  4119 | D:5      | Noticed ceb's ghost (novice MiBe)
  4186 | D:5      | Slain by ceb's ghost

Skill      XL: |  1  2  3  4  5 |
---------------+----------------+-----
Dodging        | 3 4 |  4.5
Fighting       | 3 |  3.8
Unarmed Combat | 5 |  5.0
Short Blades   | |  0.8
Stealth        | |  1.4
Shields        | |  0.2

Action                   |  1- 3 |  4- 6 || total
-------------------------+-------+-------++-------
Melee: Unarmed           |    68 |    36 ||   104
       Dagger            |       |   220 ||   220
       Punch             |       |     6 ||     6
Invok: Bend Time         |       |     1 ||     1
  Use: Scroll            |       |     5 ||     5
       Potion            |       |    13 ||    13
 Stab: Sleeping          |     3 |     4 ||     7
       Distracted        |       |     1 ||     1
  Eat: Chunk             |     9 |    13 ||    22
       Bread ration      |     1 |       ||     1
Armor: Robe              |    27 |    84 ||   111
Dodge: Dodged            |    28 |   156 ||   184
Block: Shield            |       |    59 ||    59
